 Dungeon Crawl Stone Soup version 0.29-a0-334-gb41bcbb86e (webtiles) character file.

Game seed: 13406263804449649551

19990 spaghetti the Spry (level 12, -20/64 (116) HPs)
             Began as a Deep Dwarf Hunter on Apr 15, 2022.
             Was the Champion of Ru.
             Demolished by a red ugly thing (32 damage)
             ... on level 11 of the Dungeon.
             The game lasted 00:30:10 (10258 turns).

spaghetti the Spry (Deep Dwarf Hunter)             Turns: 10258, Time: 00:30:11

HP:   -20/64 (116)  AC:  3    Str: 16    XL:     12   Next: 41%
MP:   11/11         EV: 21    Int: 19    God:    Ru [******]
Gold: 679           SH:  0    Dex: 16    Spells: 11/11 levels left

rFire   x . .      SeeInvis +   b - +8 trident of the Octopus King {venom, rElec rPois, polearm}
rCold   x . .      Faith    .   (no shield)
rNeg    . . .      Spirit   .   u - +0 leather armour of Decompression {+Inv rElec Int+3 SInv}
rPois   +          Reflect  .   (helmet restricted)
rElec   +          Harm     .   (no cloak)
rCorr   .          Rampage  .   (no gloves)
Will    +....                   (no boots)
Stlth   +.........              (no amulet)
HPRegen 0.00/turn               E - ring of wizardry
MPRegen 0.12/turn               (no ring)

@: confused, exhausted, ambrosia-drunk, marked, very heavily drained, unable to
drink
A: damage resistance, heal wounds, sense surroundings 2, screaming 1, inability
to drink while threatened, inability to use devices, temperature sensitive, no
regeneration, antennae 1, strong 1
a: Heal Wounds, Renounce Religion, Draw Out Power, Power Leap, Apocalypse


You were on level 11 of the Dungeon.
You worshipped Ru.
Ru was exalted by your worship.
You visited 2 branches of the dungeon, and saw 13 of its levels.

You collected 812 gold pieces.
You spent 133 gold pieces at shops.


Innate Abilities, Weirdness & Mutations

You are resistant to damage.
You can heal yourself by infusing magical energy.
You passively map the area around you.
You occasionally shout uncontrollably at your foes.
You sometimes lose the ability to drink potions when taking damage.
You cannot study or use magical devices.
You are sensitive to extremes of temperature. (rF-, rC-)
You do not regenerate.
You have a pair of small antennae on your head.
Your muscles are strong. (Str +2)


   Skills:
 - Level 10.0 Fighting
 - Level 10.0 Crossbows
 + Level 17.3 Dodging
 - Level 1.2 Stealth


You had 11 spell levels left.
You didn't know any spells.
Your spell library contained the following spells:

 Spells                   Type           Power      Damage    Failure   Level
 Foxfire                  Conj/Fire      0%         2x1d4     11%         1
 Freeze                   Ice            0%         1d3       11%         1
 Magic Dart               Conj           0%         1d3       11%         1
 Blink                    Tloc           0%         N/A       16%         2
 Call Imp                 Summ           0%         N/A       16%         2
 Static Discharge         Conj/Air       0%         N/A       16%         2
 Confusing Touch          Hex            0%         N/A       28%         3
 Conjure Flame            Conj/Fire      0%         6-21      28%         3
 Frozen Ramparts          Ice            0%         1d2       28%         3
 Inner Flame              Hex/Fire       0%         N/A       28%         3
 Lesser Beckoning         Tloc           0%         N/A       28%         3
 Mephitic Cloud           Conj/Pois/Air  0%         N/A       28%         3
 Dispel Undead            Necr           0%         3d6       65%         4
 Flame Wave               Conj/Fire      0%         2d4       65%         4
 Hailstorm                Conj/Ice       0%         3d3       65%         4
 Sticky Flame             Conj/Fire      0%         2d3       65%         4
 Manifold Assault         Tloc           0%         N/A       93%         5
 Yara's Violent Unravell  Hex/Tmut       0%         3d3       93%         5
 Enfeeble                 Hex            0%         N/A       100%        7
 Chain Lightning          Conj/Air       0%         N/A       100%        9
 Fire Storm               Conj/Fire      0%         5d1       100%        9
 Shatter                  Erth           0%         3d5*      100%        9

Inventory:

Hand Weapons
 a - a +3 hand crossbow of venom {crossbow}
 b - the +8 trident of the Octopus King (weapon) {venom, rElec rPois, polearm}
   (You took it off an orc on level 9 of the Dungeon)

   It poisons the flesh of those it strikes.
   rElec:     It insulates you from electricity.
   rPois:     It protects you from poison.
 I - the +7 flail "Jussink" {vorpal, rF+ rCorr Dex-4, mace}
   (You found it on level 8 of the Dungeon)

   It inflicts extra damage upon your enemies.
   Dex:       It affects your dexterity (-4).
   rF:        It protects you from fire.
   rCorr:     It protects you from acid and corrosion.
 K - a +0 demon whip of venom {mace}
   (You took it off Amaemon on level 8 of the Dungeon)
 L - the +5 short sword of Musch {drain, Fly rC+ Dex+3, short}
   (You found it on level 7 of the Dungeon)

   A truly terrible weapon, it drains the life of any living foe it strikes.
   Dex:       It affects your dexterity (+3).
   rC:        It protects you from cold.
   Fly:       It grants you flight.
Missiles
 g - 280 stones (quivered) {throwing}
 r - 21 poisoned darts {throwing}
 s - 11 boomerangs {throwing}
 w - a throwing net {=f!fthrowing}
 F - 12 boomerangs of dispersal {=f!fthrowing}
Armour
 k - a +0 leather armour
 u - the +0 leather armour of Decompression (worn) {+Inv rElec Int+3 SInv}
   (You found it on level 4 of the Dungeon)

   Int:       It affects your intelligence (+3).
   rElec:     It insulates you from electricity.
   SInv:      It lets you see invisible.
   +Inv:      It lets you turn invisible.
 z - +0 steam dragon scales
   (You found it on level 9 of the Dungeon)
 D - the +0 robe of Mumblety Peg {rF+ SInv}
   (You took it off a kobold brigand on level 9 of the Dungeon)

   rF:        It protects you from fire.
   SInv:      It lets you see invisible.
Magical Staves
 i - a staff of air {!astaff}
   (You found it on level 1 of the Lair of Beasts)
 n - a staff of death {!astaff}
   (You found it on level 3 of the Dungeon)
Jewellery
 t - a ring of ice
   (You found it on level 4 of the Dungeon)
 v - a ring of positive energy
   (You found it on level 2 of the Lair of Beasts)
 x - an amulet of the acrobat
   (You found it on level 2 of the Lair of Beasts)
 E - a ring of wizardry (left hand)
   (You found it on level 7 of the Dungeon)
 J - a ring of fire
   (You took it off Amaemon on level 8 of the Dungeon)
 M - a ring of protection from cold
   (You found it on level 1 of the Lair of Beasts)
 O - a ring of ice
   (You took it off a wight on level 10 of the Dungeon)
Wands
 B - a wand of mindburst (21)
   (You found it on level 5 of the Dungeon)
 H - a wand of flame (34)
   (You found it on level 8 of the Dungeon)
Scrolls
 c - 2 scrolls of immolation {!r!r}
 d - 3 scrolls of identify {@r1}
 e - 3 scrolls of teleportation {@r4}
 j - a scroll of magic mapping {!r}
 p - a scroll of amnesia
 q - 3 scrolls of vulnerability {!r!r}
 y - 2 scrolls of fog
 C - 3 scrolls of enchant armour
 G - 2 scrolls of holy word
 N - a scroll of blinking {!r}
Potions
 f - a potion of mutation {!q}
 h - 2 potions of haste {@q3}
 l - 3 potions of flight
 o - 2 potions of attraction {!q}
Miscellaneous
 m - a phantom mirror
   (You found it on level 2 of the Lair of Beasts)

Dungeon Overview and Level Annotations

Branches:
Dungeon (11/15)            Temple (0/1) D:5            Lair (2/6) D:8
  Swamp (0/4) Lair:2          Orc (0/2) D:9
  Snake: Lair:2-4    Spider: Lair:2-4

Altars:
Elyvilon
Fedhas
Kikubaaqudgha
Nemelex Xobeh
Qazlal
Ru
Uskayaw
Vehumet
The Shining One

Shops:
D:2

? *.#
####.##
#..#..
#.... *
#.T.# *
#...# *
, #u..#
* ,
#@..#
##.>#
#.# *##
*


You could see a red ugly thing and a troll.


Message History

Unknown command.
Unknown command.
The helpless red ugly thing fails to defend itself.
You hit the red ugly thing.
The red ugly thing is poisoned.
The helpless red ugly thing fails to defend itself.
You hit the red ugly thing.
The red ugly thing looks as sick as possible!
You kill the red ugly thing!
You now have 64 max hp (+10).
A wight comes into view. It is wielding a +0 dire flail.
A crimson imp comes into view. It is wielding a +1 dagger of chaos.
You see here a potion of ambrosia. 😱 MP[+1]
P - a potion of ambrosia A wight comes into view.
It is wielding a +2 war axe.
Okay, then.
As you read the scroll of teleportation {@r4}, it crumbles to dust.
You feel strangely unstable.
The crimson imp begins to attack, but is stunned by your conviction!
Unknown command.
The crimson imp blinks!
Unknown command.
Your surroundings suddenly seem different.
An acid dragon and a troll come into view.
Found 16 gold pieces.
Found an escape hatch in the floor.
Found a stone staircase leading down.
The acid dragon roars!
The troll shouts!
Unknown command.
Unknown command.
Unknown command.
As you read the scroll of fear, it crumbles to dust.
You assume a fearsome visage.
The acid dragon looks frightened!
The troll looks frightened!
The troll yells at you, "GO AWAY!"
Found an escape hatch in the ceiling.
The acid dragon begins to attack, but is stunned by your conviction! 😱 MP[+1]
There is a stone staircase leading down here.
You climb downwards.
A sourceless malevolence fills the Dungeon...
With a horrendous wail, an alarm goes off!
A sentinel's mark forms upon you.
You hear a horrible gurgling sound!
You hear a shout! x6; You hear two shouts!
Found a stone staircase leading down.
There is a stone staircase leading up here.
Unknown command.
You start resting.
You can drink potions again.
A red ugly thing comes into view. 😱 MP[+2]
You regained 2 mp, and now have 7/11 mp.
Unknown command.
Unknown command.
Unknown command.
You cannot evoke magical items.
Unknown command.
Okay, then.
You can't see any enemies this would affect, really read the scroll of holy word?
Okay, then.
You cannot evoke magical items.
Unknown command.
Okay, then.
You are confused.
You feel invigorated.
A troll comes into view. 😱 HP[+3] MP[+4]
You regained 3 hp, and now have 15/64 hp.
Your mp is fully restored (11).
Unknown command.
Unknown command.
Unknown command.
You bump into the rock wall. 😨 HP[+4]
You regained 4 hp, and now have 19/64 hp.
You bump into the rock wall.
The red ugly thing is stunned by your conviction and fails to attack. 😨 HP[+3]
You regained 3 hp, and now have 22/64 hp.
The red ugly thing stings you.
* * * LOW HITPOINT WARNING * * *
You are engulfed in flames!!
The fire burns you terribly!
You feel threatened and lose the ability to drink potions!
* * * LOW HITPOINT WARNING * * *
In your confused state, you trip and fall back down the stairs.
The red ugly thing closely misses you. 😱 HP[-11]
You take 11 damage, and now have 11/64 hp.
Unknown command.
Unknown command.
Unknown command.
Unknown command.
You are too confused!
You cannot drink potions in your current state!
Unknown command.
You're too confused to move!
The red ugly thing stings you.
* * * LOW HITPOINT WARNING * * *
You are engulfed in flames!!
The fire burns you terribly!
Ouch! That really hurt!
You die...

Skill      XL: |  1  2  3  4  5  6  7  8  9 10 11 12 |
---------------+-------------------------------------+-----
Crossbows      | 5 6 7 8 9 10 | 10.0
Fighting       | 4 8 10 | 10.0
Dodging        | 7 11 15 17 | 17.3
Stealth        | |  1.2

Action                   |  1- 3 |  4- 6 |  7- 9 | 10-12 || total
-------------------------+-------+-------+-------+-------++-------
Melee: Dagger            |       |     3 |    16 |       ||    19
       Punch             |       |       |     2 |     3 ||     5
       Short sword       |       |       |    44 |   174 ||   218
       Flail             |       |       |       |     3 ||     3
       Trident           |       |       |       |    12 ||    12
 Fire: Hand crossbow     |    92 |    83 |   222 |   451 ||   848
Throw: Stone             |       |       |       |     2 ||     2
Invok: Sacrifice Resista |     1 |       |       |       ||     1
       Draw Out Power    |       |     3 |    13 |    34 ||    50
       Sacrifice Artific |       |     1 |       |       ||     1
       Power Leap        |       |       |     1 |       ||     1
       Apocalypse        |       |       |     1 |     6 ||     7
       Sacrifice Purity  |       |       |     1 |       ||     1
       Sacrifice Drink   |       |       |       |     1 ||     1
 Abil: Heal Wounds       |       |       |       |     2 ||     2
  Use: Scroll            |     5 |     4 |     3 |     9 ||    21
       Potion            |     1 |       |       |    17 ||    18
 Stab: Invisible         |       |       |     2 |     5 ||     7
       Paralysed         |       |       |       |     5 ||     5
       Distracted        |       |       |       |     3 ||     3
Armor: Leather armour    |     5 |     5 |    16 |    25 ||    51
Dodge: Dodged            |    25 |    12 |    92 |   361 ||   490

Levels and vault maps discovered:
D:1:      minmay_arrival_semitransparent, layout_loops_corners,
          shapermc_ecumenical_altar_pompeii, serial_bayou_pond_e,
          minmay_worlds_worst_comb
D:2:      layout_basic, serial_shops, nicolae_square_shop,
          grunt_decor_one_mirror, minmay_tromino_v2
D:3:      layout_loops_corners, grunt_temple_overflow_growth_and_decay,
          uniq_jessica
D:4:      layout_basic, nicolae_qazlal_general_emergency,
          mainiacjoe_overflow_alcove_1, kennysheep_generic_room_8
D:5:      layout_rooms, minmay_temple_entry_junction_2
D:6:      layout_gridville, nicolae_overflow_crystal_walls, sigmund_army,
          uniq_blork_the_orc
D:7:      layout_basic, amcnicky_mini_rare_corridor_liquid,
          hangedman_decor_push, uniq_pikel
D:8:      layout_rooms, minmay_overflow_temple_star_quad,
          mainiacjoe_overflow_alcove_2, dpeg_oklobed_lair,
          minmay_unpleasant_kobolds, uniq_amaemon, uniq_prince_ribbit1
D:9:      layout_small_grid, hiddenorc1_lemuel
D:10:     layout_small_grid, grunt_temple_overflow_champion_of_chaos
D:11:     layout_cave_pods, minmay_misc_feat_hallway
Lair:1:   layout_chaotic_city, fungi_pond_lemuel, lemuel_fruit_tree
Lair:2:   nzn_winding_woodlands_large [nzn_winding_woodlands_5x5_perimeter,
          nzn_winding_woodlands_5x15_sawtooth, nzn_winding_woodlands_hourglass,
          nzn_winding_woodlands_center_diamonds,
          nzn_winding_woodlands_15x15_five_gardens,
          nzn_winding_woodlands_center_garden,
          nzn_winding_woodlands_5x5_open_star,
          nzn_winding_woodlands_5x15_crooked,
          nzn_winding_woodlands_5x5_closed_star], layout_regular_city,
          minmay_swamp_entry_worms

Notes
Turn   | Place    | Note
-------+----------+-------------------------------------------
     0 | D:1      | spaghetti the Deep Dwarf Hunter began the quest for the
                  | Orb.
     0 | D:1      | Reached XP level 1. HP: 19/19 MP: 1/1
     0 | D:1      | magus.rc [v1.9.6]
   188 | D:1      | Reached XP level 2. HP: 24/26 MP: 2/2
   253 | D:1      | Reached skill level 5 in Crossbows
   367 | D:1      | Found a faded altar of an unknown god.
   375 | D:1      | Prayed at the altar of an unknown god.
   375 | D:1      | Became a worshipper of Ru the Awakened
   382 | D:1      | Gained mutation: You are sensitive to extremes of
                  | temperature. (rF-, rC-) [Ru sacrifice]
   382 | D:1      | Reached * piety under Ru
   382 | D:1      | Reached ** piety under Ru
   708 | D:1      | You pick up a book of Touch and begin reading...
   708 | D:1      | You add the spells Static Discharge, Sticky Flame and
                  | Dispel Undead to your library.
   817 | D:1      | Reached XP level 3. HP: 21/32 MP: 3/3
  1495 | D:2      | Found Wofusta's Magic Scroll Emporium.
  1504 | D:2      | Bought a scroll of identify for 28 gold pieces
  1885 | D:2      | Reached skill level 6 in Crossbows
  1982 | D:2      | Bought a scroll of enchant weapon for 105 gold pieces
  2063 | D:3      | Noticed Jessica
  2067 | D:3      | Killed Jessica
  2068 | D:3      | Reached XP level 4. HP: 39/39 MP: 4/4
  2258 | D:3      | You pick up a book of Spatial Translocations and begin
                  | reading...
  2258 | D:3      | You add the spells Blink, Lesser Beckoning and Manifold
                  | Assault to your library.
  2475 | D:3      | Reached skill level 7 in Crossbows
  2477 | D:3      | Reached XP level 5. HP: 44/45 MP: 5/5
  2666 | D:3      | Found a blossoming altar of Fedhas.
  2666 | D:3      | Found an ancient bone altar of Kikubaaqudgha.
  2874 | D:4      | Gained mutation: You cannot study or use magical devices.
                  | [Ru sacrifice]
  2874 | D:4      | Reached *** piety under Ru
  2874 | D:4      | Reached **** piety under Ru
  2874 | D:4      | Reached ***** piety under Ru
  2922 | D:4      | Reached skill level 8 in Crossbows
  2922 | D:4      | Reached XP level 6. HP: 44/52 MP: 6/6
  3049 | D:4      | You pick up a book of Misfortune and begin reading...
  3049 | D:4      | You add the spells Confusing Touch, Yara's Violent
                  | Unravelling and Enfeeble to your library.
  3067 | D:4      | Found a stormy altar of Qazlal.
  3112 | D:4      | You pick up a book of Frost and begin reading...
  3112 | D:4      | You add the spells Freeze, Frozen Ramparts and Hailstorm to
                  | your library.
  3186 | D:4      | You pick up a book of Minor Magic and begin reading...
  3186 | D:4      | You add the spells Magic Dart, Call Imp and Mephitic Cloud
                  | to your library.
  3199 | D:4      | Reached skill level 9 in Crossbows
  3233 | D:4      | Identified the +0 leather armour of Decompression {+Inv
                  | rElec Int+3 SInv}
  3255 | D:4      | Found a hide-covered altar of Uskayaw.
  3486 | D:5      | Entered Level 5 of the Dungeon
  3566 | D:5      | Reached XP level 7. HP: 55/58 MP: 7/7
  3597 | D:5      | Reached skill level 10 in Crossbows
  3597 | D:5      | Reached skill level 2 in Fighting
  3627 | D:5      | Found a staircase to the Ecumenical Temple.
  4006 | D:6      | Reached skill level 3 in Fighting
  4029 | D:6      | Noticed Blork the orc
  4033 | D:6      | Killed Blork the orc
  4034 | D:6      | Reached skill level 4 in Fighting
  4070 | D:6      | Reached XP level 8. HP: 36/73 MP: 3/8
  4072 | D:6      | HP: 17/73 [gnoll sergeant/+0 vorpal spear (5)]
  4075 | D:6      | Reached skill level 5 in Fighting
  4390 | D:6      | Found a glowing golden altar of the Shining One.
  4565 | D:6      | Reached skill level 6 in Fighting
  4825 | D:7      | Noticed Pikel
  4853 | D:7      | Killed Pikel
  4854 | D:7      | Reached skill level 8 in Fighting
  4854 | D:7      | Gained mutation: You passively map the area around you.
                  | [Deep Dwarf growth]
  4854 | D:7      | Reached XP level 9. HP: 70/88 MP: 9/9
  4872 | D:7      | Gained mutation: You occasionally shout uncontrollably at
                  | your foes. [Ru sacrifice]
  5270 | D:7      | Identified the +5 short sword of Musch {drain, Fly rC+
                  | Dex+3}
  5708 | D:8      | Reached skill level 9 in Fighting
  5738 | D:8      | HP: 11/73 [wyvern (14)]
  5779 | D:8      | Identified the +7 flail "Jussink" {vorpal, rF+ rCorr Dex-4}
  5807 | D:8      | Reached skill level 10 in Fighting
  5807 | D:8      | Reached skill level 5 in Dodging
  5912 | D:8      | Noticed an orange demon
  5925 | D:8      | Killed an orange demon
  5926 | D:8      | Reached skill level 6 in Dodging
  5937 | D:8      | Noticed Amaemon
  5946 | D:8      | Paralysed by Amaemon for 4 turns
  5953 | D:8      | Killed Amaemon
  5954 | D:8      | Reached skill level 7 in Dodging
  5954 | D:8      | Reached XP level 10. HP: 50/102 MP: 10/10
  5972 | D:8      | Found a white marble altar of Elyvilon.
  5974 | D:8      | Found a sacrificial altar of Ru.
  5984 | D:8      | Found a radiant altar of Vehumet.
  6274 | D:8      | Found a staircase to the Lair.
  6292 | D:8      | Reached skill level 8 in Dodging
  6405 | D:8      | Found a sparkling altar of Nemelex Xobeh.
  6483 | D:8      | Noticed Prince Ribbit
  6490 | D:8      | Killed Prince Ribbit
  6534 | Lair:1   | Entered Level 1 of the Lair of Beasts
  6534 | Lair:1   | Noticed a cane toad
  6553 | Lair:1   | Killed a cane toad
  6554 | Lair:1   | Reached skill level 9 in Dodging
  6759 | Lair:1   | HP: 10/94 [komodo dragon (15)]
  6766 | Lair:1   | Reached skill level 10 in Dodging
  6869 | Lair:1   | Gained mutation: You have a pair of small antennae on your
                  | head. [potion of mutation]
  6869 | Lair:1   | Gained mutation: Your muscles are strong. (Str +2) [potion
                  | of mutation]
  6892 | Lair:1   | HP: 16/94 [komodo dragon (25)]
  7000 | Lair:1   | Reached skill level 11 in Dodging
  7075 | Lair:1   | Noticed a cane toad
  7092 | Lair:1   | Killed a cane toad
  7408 | Lair:1   | Reached XP level 11. HP: 64/104 MP: 11/11
  7663 | Lair:2   | Reached skill level 12 in Dodging
  7848 | Lair:2   | Reached skill level 13 in Dodging
  7917 | Lair:2   | Noticed a five-headed hydra
  7934 | Lair:2   | Killed a five-headed hydra
  7935 | Lair:2   | Reached skill level 14 in Dodging
  8006 | Lair:2   | Noticed a four-headed hydra
  8034 | Lair:2   | HP: 12/95 [four-headed hydra (13)]
  8035 | Lair:2   | Killed a four-headed hydra
  8036 | Lair:2   | Reached skill level 15 in Dodging
  8047 | Lair:2   | HP: 24/102 [black mamba (2)]
  8200 | Lair:2   | HP: 23/95 [cane toad (16)]
  8204 | Lair:2   | Reached XP level 12. HP: 47/106 MP: 6/12
  8278 | Lair:2   | Reached skill level 16 in Dodging
  8527 | Lair:2   | You pick up a book of Touch and begin reading...
  8613 | Lair:2   | Found a staircase to the Swamp.
  9102 | D:9      | Noticed a two-headed ogre
  9109 | D:9      | Killed a two-headed ogre
  9235 | D:9      | Paralysed by a hornet for 3 turns
  9240 | D:9      | Paralysed by a hornet for 1 turns
  9386 | D:9      | Identified the +0 robe of Mumblety Peg {rF+ SInv}
  9478 | D:9      | Reached skill level 17 in Dodging
  9510 | D:9      | Found a staircase to the Orcish Mines.
  9613 | D:9      | an orc comes into view. It is wielding the +8 trident of
                  | the Octopus King {venom, rElec rPois}.
  9629 | D:9      | Aim: an orc, wielding the +8 trident of the Octopus King
                  | {venom, rElec rPois} and quivering boomerangs (wandering,
                  | hasn't noticed you, 73% to hit)
  9629 | D:9      | Aim: an orc, wielding the +8 trident of the Octopus King
                  | {venom, rElec rPois} and quivering boomerangs (wandering,
                  | hasn't noticed you, 73% to hit)
  9664 | D:9      | Gained mutation: You sometimes lose the ability to drink
                  | potions when taking damage. [Ru sacrifice]
  9664 | D:9      | Reached ****** piety under Ru
  9823 | D:9      | You pick up a book of Flames and begin reading...
  9823 | D:9      | You add the spells Foxfire, Conjure Flame, Inner Flame and
                  | Flame Wave to your library.
  9971 | D:9      | You pick up a book of Annihilations and begin reading...
  9971 | D:9      | You add the spells Chain Lightning, Fire Storm and Shatter
                  | to your library.
 10049 | D:10     | Entered Level 10 of the Dungeon
 10180 | D:10     | Aim: a wight, wielding a +0 falchion and wearing a +0 robe
                  | (severely damaged, about 29% to evade the +8 trident of the
                  | Octopus King)
 10180 | D:10     | Aim: a wight, wielding a +0 falchion and wearing a +0 robe
                  | (severely damaged, about 29% to evade the +8 trident of the
                  | Octopus King)
 10192 | D:10     | Aim: a wight, wielding a +3 mace of freezing, wearing a +0
                  | robe and wearing a ring of ice (lightly damaged, about 29%
                  | to evade the +8 trident of the Octopus King)
 10192 | D:10     | Aim: a wight, wielding a +3 mace of freezing, wearing a +0
                  | robe and wearing a ring of ice (lightly damaged, about 29%
                  | to evade the +8 trident of the Octopus King)
 10220 | D:10     | HP: 12/71 [red ugly thing (20)]
 10256 | D:11     | HP: 8/64 [red ugly thing (17)]
 10258 | D:11     | Demolished by a red ugly thing

Vanquished Creatures
  A hydra (Lair:2)
  A two-headed ogre (D:9)
  Amaemon (D:8)
  Pikel (D:7)
  An ugly thing (D:10)
  An elephant (Lair:2)
  4 black mambas (Lair:2)
  An orange demon (D:8)
  9 cane toads
  An unseen horror (D:10)
  10 komodo dragons
  A rime drake (Lair:2)
  2 polar bears (Lair:2)
  2 tyrant leeches (Lair:2)
  A hornet (D:9)
  Prince Ribbit (D:8)
  6 blink frogs (Lair:2)
  10 yaks
  2 wyverns (D:8)
  A wraith (D:9)
  A basilisk (Lair:2)
  A steam dragon (D:9)
  2 swamp worms (Lair:2)
  7 water moccasins
  2 ice beasts (D:8)
  4 sky beasts
  An orc warrior (D:9)
  3 black bears
  2 centaurs
  A lemure (D:7)
  Blork the orc (D:6)
  A kobold brigand (D:9)
  2 gnoll sergeants
  8 bullfrogs
  A scorpion (D:4)
  23 wights
  7 howler monkeys
  3 hounds
  A jelly (D:6)
  4 orc priests
  4 iguanas
  Jessica (D:3)
  10 orc wizards
  5 adders
  17 gnolls
  4 white imps
  36 orcs
  2 bats (D:2)
  6 endoplasms
  8 giant cockroaches
  2 goblins
  9 hobgoblins
  16 kobolds
  5 quokkas
  5 ball pythons
  A frilled lizard (D:2)
  7 rats
270 creatures vanquished.

Vanquished Creatures (others)
  A hydra (Lair:2)
  A tyrant leech (Lair:2)
  A wight (D:10)
  7 fungi
  50 plants
60 creatures vanquished.

Grand Total: 330 creatures vanquished

Table legend:
 A = Non-vault XP
 B = Vault XP
 C = Vault XP percentage of total XP
 D = Non-vault monster count
 E = Vault monster count
 F = Vault count percentage of total count
                 A         B        C        D         E       F
            +---------+---------+-------+---------+---------+-------
      Total |   15293 |   13265 |  46.4 |     193 |      79 |  29.0
            +---------+---------+-------+---------+---------+-------
        D:1 |      34 |       8 |  19.0 |      19 |       4 |  17.4
        D:2 |      32 |       4 |  11.1 |      12 |       2 |  14.3
        D:3 |     125 |      37 |  22.8 |      13 |       1 |   7.1
        D:4 |     430 |       2 |   0.5 |      21 |       1 |   4.5
        D:5 |     452 |       0 |   0.0 |       9 |       0 |   0.0
        D:6 |     722 |     108 |  13.0 |      14 |       7 |  33.3
        D:7 |     845 |     651 |  43.5 |      21 |       1 |   4.5
        D:8 |    2579 |    1466 |  36.2 |      33 |       9 |  21.4
        D:9 |    2563 |     271 |   9.6 |      22 |      17 |  43.6
       D:10 |    1257 |       0 |   0.0 |       6 |       0 |   0.0
     Lair:1 |    3483 |       0 |   0.0 |      14 |       0 |   0.0
     Lair:2 |    2771 |   10718 |  79.5 |       9 |      37 |  80.4
            +---------+---------+-------+---------+---------+-------

Illustrated notes

Table legend:
 A = Kills in this place as a percentage of kills in entire the game.
 B = Kills by you in this place as a percentage of kills by you in the entire game.
 C = Kills by friends in this place as a percentage of kills by friends in the entire game.
 D = Other kills in this place as a percentage of other kills in the entire game.
 E = Experience gained in this place as a percentage of experience gained in the entire game.
 F = Experience gained in this place divided by the number of levels of this place that you have seen.
                   A       B       C       D       E      F
               +-------+-------+-------+-------+-------+----------------------
         Total | 100.0 | 100.0 |   N/A | 100.0 | 100.0 | 2196.8
       Dungeon |  77.9 |  78.4 |   N/A |  33.3 |  40.6 | 1053.3
          Lair |  22.1 |  21.6 |   N/A |  66.7 |  59.4 | 8486.0
               +-------+-------+-------+-------+-------+----------------------

Table legend: (Time is in decaauts)
 A = Elapsed time spent in this place.
 B = Non-inter-level travel time spent in this place.
 C = Inter-level travel time spent in this place.
 D = Time resting spent in this place.
 E = Time spent auto-exploring this place.
 F = Levels seen in this place.
 G = Mean time per level.
                   A        B        C        D        E       F      G
               +--------+--------+--------+--------+--------+-----+--------+
         Total |  10310 |   9750 |    560 |   1210 |   6573 |  13 |  793.1 |
       Dungeon |   7787 |   7300 |    487 |    762 |   5168 |  11 |  707.9 |
          Lair |   2523 |   2451 |     72 |    448 |   1405 |   2 | 1261.5 |
               +--------+--------+--------+--------+--------+-----+--------+

Top non-repeatable levels by time:
  Lair:2: 1468 daAuts
  Lair:1: 1055 daAuts
     D:1: 1051 daAuts
     D:9: 966 daAuts
     D:2: 954 daAuts
     D:7: 916 daAuts
     D:8: 902 daAuts
     D:3: 881 daAuts
     D:6: 778 daAuts
     D:4: 632 daAuts
     D:5: 494 daAuts
    D:10: 187 daAuts
    D:11: 21 daAuts
